 Dungeon Crawl Stone Soup version 0.30.1-9-gdf580d7c3d (webtiles) character file.

Game seed: 16181300467727152468

8656 safid the Frost Mage (level 11, -1/90 HPs)
             Began as a Merfolk Ice Elementalist on Oct 16, 2023.
             Was a Priest of Vehumet.
             Slain by a freezing wraith (8 damage)
             ... on level 10 of the Dungeon.
             The game lasted 00:20:14 (11242 turns).

safid the Frost Mage (Merfolk Ice Elementalist)    Turns: 11242, Time: 00:20:16

Health: -1/90      AC: 12    Str:  8    XL:     11   Next: 34%
Magic:  23/23      EV: 15    Int: 29    God:    Vehumet [***...]
Gold:   449        SH:  5    Dex: 15    Spells: 16/26 levels left

rFire   + . .        s - +2 dagger (flame)
rCold   . . .        H - +0 buckler
rNeg    . . .        n - +1 robe of the Breathing Gods {Will+ Int+4}
rPois   .            y - +2 helmet
rElec   .            B - +2 cloak
rCorr   .            C - +1 pair of gloves
SInv    .            G - +0 pair of boots
Will    +....        (no amulet)
Stlth   ++           l - +6 ring of intelligence
HPRegen 0.35/turn    r - ring of protection from fire
MPRegen 0.18/turn

%: no passive effects
@: freezing walls, slowed, very slow
A: (nimble swimmer 2), mertail
a: Renounce Religion


You were on level 10 of the Dungeon.
You worshipped Vehumet.
Vehumet was most pleased with you.
You visited 2 branches of the dungeon, and saw 11 of its levels.

You collected 515 gold pieces.
You spent 66 gold pieces at shops.

Inventory:

Hand Weapons
 s - a +2 dagger of flaming (weapon)
 F - a +4 long sword of freezing
Missiles
 o - 2 throwing nets
Armour
 n - the +1 robe of the Breathing Gods (worn) {Will+ Int+4}
   (You found it on level 2 of the Dungeon)

   Int:       It affects your intelligence (+4).
   Will:      It increases your willpower.
 y - a +2 helmet (worn)
 B - a +2 cloak (worn)
 C - a +1 pair of gloves (worn)
 G - a +0 pair of boots (worn)
 H - a +0 buckler (worn)
Jewellery
 l - a +6 ring of intelligence (left hand)
 r - a ring of protection from fire (right hand)
Wands
 c - a wand of flame (17)
 t - a wand of mindburst (34)
 E - a wand of iceblast (15)
Scrolls
 a - a scroll of summoning
 d - a scroll of acquirement {unknown}
 g - 6 scrolls of teleportation
 h - 3 scrolls of enchant weapon
 k - 4 scrolls of amnesia
 m - 3 scrolls of fear
 q - a scroll of fog
 u - 2 scrolls of magic mapping
 w - a scroll of noise {unknown}
 x - a scroll of blinking {unknown}
 A - a scroll of enchant armour {unknown}
 I - a scroll of brand weapon {unknown}
Potions
 b - 3 potions of magic
 e - 2 potions of flight
 f - 3 potions of invisibility
 i - 2 potions of might {unknown}
 j - 2 potions of heal wounds
 p - 2 potions of degeneration {unknown}
 v - 6 potions of curing
 z - 3 potions of brilliance
 D - 2 potions of berserk rage {unknown}
 J - a potion of mutation {unknown}


   Skills:
 + Level 9.8 Fighting
 - Level 8.0 Dodging
 - Level 2.1 Stealth
 - Level 6.0 Shields
 - Level 8.0 Spellcasting
 + Level 10.8 Ice Magic


You had 16 spell levels left.
You knew the following spells:

 Your Spells              Type           Power      Damage    Failure   Level
a - Freeze                Ice            100%       1d10      1%          1
b - Frozen Ramparts       Ice            100%       1d16      1%          3
c - Ozocubu's Armour      Ice            65%        N/A       1%          3
d - Hailstorm             Conj/Ice       43%        3d10      1%          3

Your spell library contained the following spells:

 Spells                   Type           Power      Damage    Failure   Level
 Ensorcelled Hibernation  Hex/Ice        86%        N/A       1%          2
 Summon Ice Beast         Ice/Summ       43%        N/A       7%          4
 Passwall                 Tmut/Erth      9%         N/A       10%         2
 Swiftness                Air            11%        N/A       21%         3
 Tukima's Dance           Hex            11%        N/A       21%         3
 Yara's Violent Unravell  Hex/Tmut       5%         3d4       41%         5
 Passage of Golubria      Tloc           11%        N/A       54%         4


Dungeon Overview and Level Annotations

Branches:
Dungeon (10/15)            Temple (1/1) D:5             Orc (0/2) D:10
   Lair: D:8-11

Altars:
Ashenzari
Cheibriados
Dithmenos
Elyvilon
Fedhas
Gozag
Hepliaklqana
Kikubaaqudgha
Makhleb
Nemelex Xobeh
Okawaru
Qazlal
Ru
Sif Muna
Trog
Uskayaw
Vehumet
Wu Jian
Xom
Yredelemnul
Zin
The Shining One

Shops:
D:5 !   D:10 [[==

Annotations:
D:8 1 transporter, 3 runed translucent doors, Fractals's ghost, novice MiBe
D:9 Erica


Innate Abilities, Weirdness & Mutations

((You are very nimble when in or above water. (Stealth+, EV+, Speed+++)))
Your lower body shifts to a powerful aquatic tail in water.


Message History

You block the freezing wraith's attack. The freezing wraith misses you.
The wraith resists.
The wall freezes the wraith.
Unknown command.
You hit the freezing wraith. You burn the freezing wraith.
The freezing wraith is moderately damaged.
The wall freezes the orc warrior.
You block the orc warrior's attack.
The wall freezes the freezing wraith but does no damage.
The freezing wraith hits you but does no damage.
The freezing wraith closely misses you.
The wraith resists.
The wall freezes the wraith.
Unknown command.
You barely miss the freezing wraith.
The freezing wraith is moderately damaged.
Your icy armour evaporates.
The wall freezes the orc warrior!
You kill the orc warrior!
Vehumet accepts your kill.
Vehumet is now aiding your destructive spells.
You feel your power returning.
The wraith resists.
The wall freezes the wraith.
The wall freezes the freezing wraith but does no damage.
The freezing wraith hits you! The freezing wraith freezes you!!
* * * LOW HITPOINT WARNING * * *
The freezing wraith hits you.
* * * LOW HITPOINT WARNING * * *
The freezing wraith drains your vigour!
You feel as though you will be slow longer.
The wall freezes the wraith but does no damage.
The wall freezes the freezing wraith but does no damage.
The freezing wraith barely misses you. The freezing wraith hits you.
* * * LOW HITPOINT WARNING * * *
The freezing wraith drains your vigour!
You feel as though you will be slow longer.
Unknown command.
You feel much better.
The wraith resists.
The wall freezes the wraith.
The freezing wraith completely resists.
The wall freezes the freezing wraith but does no damage.
The freezing wraith hits you! The freezing wraith freezes you!!
* * * LOW HITPOINT WARNING * * *
The freezing wraith hits you!
You die...

.# #....#..##) .# #....#..... .#
#....#..... .# ##....#.#### .#
##....##.#... .###### .
##....##..#... ......###...
###...####..#...
........###...####...### #..#...
..........###[WW@..#.## #..###'
............#####.##..# #......
..^...................#####......
.................................
#######......[...................
###########################


You could see a freezing wraith and a wraith.

Vanquished Creatures
  A two-headed ogre (D:10)
  Pikel (D:4)
  Joseph (D:7)
  Maggie (D:8)
  A kobold demonologist (D:10)
  Psyche (D:9)
  An efreet (D:10)
  2 trolls
  A hornet (D:10)
  Sigmund (D:3)
  11 yaks
  Eustachio (D:4)
  2 steam dragons
  A vampire mosquito (D:10)
  2 acid dragons
  2 orc warriors
  3 ice beasts
  A hornet zombie (D:7)
  2 black bears
  4 ogres
  A lemure (D:4)
  A phantom (D:4)
  A kobold brigand (D:7)
  5 bullfrogs
  A wyvern zombie (D:7)
  Blork the orc (D:6)
  A necrophage (D:7)
  3 scorpions
  2 wights (D:7)
  2 water moccasin zombies (D:7)
  4 howler monkeys
  A bullfrog zombie (D:7)
  A centaur zombie (D:7)
  A human zombie (D:7)
  3 jellies
  3 orc priests
  3 hounds
  A gnoll bouda (D:9)
  Jessica (D:2)
  8 orc wizards
  4 iguanas
  A mummy (D:7)
  A howler monkey zombie (D:7)
  8 adders
  6 gnolls
  2 shadow imps
  2 white imps
  An ufetubus (D:5)
  A worm (D:2)
  3 dart slugs
  25 orcs
  8 endoplasms
  4 giant cockroaches
  9 goblins
  8 hobgoblins
  6 jackals
  10 kobolds
  4 quokkas
  5 ball pythons
  9 bats
  3 frilled lizards
  6 rats
210 creatures vanquished.

Vanquished Creatures (others)
  A human (D:8)
1 creature vanquished.

Grand Total: 211 creatures vanquished

Notes
Turn   | Place    | Note
-------+----------+-------------------------------------------
     0 | D:1      | safid the Merfolk Ice Elementalist began the quest for the
                  | Orb.
     0 | D:1      | Reached XP level 1. HP: 13/13 MP: 3/3
   277 | D:1      | Reached XP level 2. HP: 19/20 MP: 0/5
   414 | D:1      | Reached skill level 1 in Fighting
   660 | D:1      | Reached XP level 3. HP: 26/26 MP: 6/6
   973 | D:2      | Learned a level 3 spell: Frozen Ramparts
  1227 | D:2      | Found a hide-covered altar of Uskayaw.
  1233 | D:2      | Identified the +1 robe of the Breathing Gods {Will+ Int+4}
  1246 | D:2      | Reached XP level 4. HP: 25/33 MP: 8/8
  1258 | D:2      | Reached skill level 5 in Ice Magic
  1674 | D:2      | Noticed Jessica
  1679 | D:2      | Killed Jessica
  1860 | D:2      | Learned a level 3 spell: Ozocubu's Armour
  2050 | D:3      | Found a faded altar of an unknown god.
  2232 | D:3      | Noticed Sigmund
  2239 | D:3      | Killed Sigmund
  2240 | D:3      | Reached XP level 5. HP: 38/41 MP: 2/10
  2240 | D:3      | Reached XP level 6. HP: 44/47 MP: 2/11
  2823 | D:4      | Noticed Pikel
  2828 | D:3      | Reached skill level 6 in Ice Magic
  2958 | D:4      | Reached XP level 7. HP: 25/54 MP: 8/13
  3125 | D:4      | Noticed Eustachio
  3154 | D:4      | Killed Eustachio
  3252 | D:4      | Killed Pikel
  3253 | D:4      | Reached skill level 5 in Fighting
  3253 | D:4      | Reached skill level 5 in Spellcasting
  3253 | D:4      | Reached skill level 7 in Ice Magic
  3253 | D:4      | Reached XP level 8. HP: 48/62 MP: 6/15
  3504 | D:4      | Reached skill level 5 in Dodging
  4065 | D:4      | Found a faded altar of an unknown god.
  4066 | D:4      | Found a hazy altar of Hepliaklqana.
  4172 | D:5      | Entered Level 5 of the Dungeon
  4302 | D:5      | Found a staircase to the Ecumenical Temple.
  4317 | Temple   | Entered the Ecumenical Temple
  4369 | Temple   | Became a worshipper of Vehumet
  4860 | D:5      | Found Paug's Distillery.
  4868 | D:5      | Bought 2 potions of curing for 66 gold pieces
  5143 | D:6      | Noticed Blork the orc
  5143 | D:6      | Found a glowing silver altar of Zin.
  5154 | D:6      | Reached XP level 9. HP: 70/70 MP: 10/17
  5217 | D:6      | Killed Blork the orc
  5218 | D:6      | Reached skill level 8 in Ice Magic
  6395 | D:7      | Noticed Joseph
  6408 | D:7      | Killed Joseph
  6580 | D:7      | Reached * piety under Vehumet
  6580 | D:7      | Offered knowledge of Shock by Vehumet.
  7072 | D:7      | Reached skill level 9 in Ice Magic
  7258 | D:7      | Reached XP level 10. HP: 69/78 MP: 15/20
  7415 | D:7      | Found a basalt altar of Yredelemnul.
  7628 | D:7      | Reached ** piety under Vehumet
  7702 | D:7      | Found a shimmering altar of Xom.
  7988 | D:7      | Found an opulent altar of Gozag.
  7988 | D:7      | Found a shimmering blue altar of Sif Muna.
  8014 | D:7      | Offered knowledge of Poisonous Vapours by Vehumet.
  8283 | D:8      | Found a transporter.
  8345 | D:8      | Reached skill level 1 in Shields
  8671 | D:8      | Noticed Maggie
  8687 | D:8      | Killed Maggie
  8879 | D:8      | Found a broken altar of Ashenzari.
  8881 | D:8      | Found a stormy altar of Qazlal.
  8881 | D:8      | Found a burning altar of Makhleb.
  8882 | D:8      | Found a glowing golden altar of the Shining One.
  8988 | D:8      | Found an ancient bone altar of Kikubaaqudgha.
  9185 | D:8      | Noticed Fractals's ghost (novice MiBe)
  9226 | D:8      | Found a runed translucent gate.
  9226 | D:8      | Found a runed translucent gate.
  9226 | D:8      | Found a runed translucent gate.
  9547 | D:9      | Noticed Psyche
  9555 | D:9      | Killed Psyche
  9556 | D:9      | Reached skill level 10 in Ice Magic
  9922 | D:9      | Noticed Erica
 10131 | D:9      | Reached XP level 11. HP: 74/89 MP: 20/22
 10132 | D:9      | Reached skill level 5 in Shields
 10222 | D:9      | Offered knowledge of Hailstorm by Vehumet.
 10227 | D:9      | Learned a level 3 spell: Hailstorm
 10421 | D:10     | Entered Level 10 of the Dungeon
 10458 | D:10     | Found Odyic's Jewellery Boutique.
 10470 | D:10     | Found Rur Ifia's Armour Shop.
 10486 | D:10     | Found Iwnuel's Jewellery Shop.
 10490 | D:10     | Noticed a two-headed ogre
 10500 | D:10     | Killed a two-headed ogre
 10641 | D:10     | Found Kippuogu's Armour Emporium.
 10662 | D:10     | Found Iwuob's Jewellery Shop.
 10691 | D:10     | Found a staircase to the Orcish Mines.
 11241 | D:10     | Reached *** piety under Vehumet
 11242 | D:10     | Slain by a freezing wraith

Illustrated notes

Levels and vault maps discovered:
D:1:      dpeg_arrival_chambers_temple_mockup, layout_basic,
          minmay_crystal_water, nrook_campfire, minivault_23,
          kennysheep_decorative_pillar
D:2:      layout_basic, basic_altar, uniq_jessica
D:3:      layout_loops_ring, ebering_ecumenical_altar_sacrificial,
          serial_aquarium, aquarium_bridge_square [aquarium_subvault_balcony,
          aquarium_subvault_balcony, aquarium_subvault_bridge,
          aquarium_subvault_wall], aquarium_window_fake, aquarium_window_2,
          aquarium_view_2c, aquarium_pool_double, serial_park_tiny_pond,
          bh_walls_and_bars, uniq_sigmund
D:4:      layout_loops_ring, beargit_hepliaklqana_dungeon_heroes, uniq_pikel,
          uniq_eustachio
D:5:      layout_basic, minmay_temple_entry_arrows, serial_shops,
          nicolae_shop_advertising_works [nicolae_subvault_shop_adworks]
D:6:      minmay_evil_eye, layout_loops_ring, mainiacjoe_overflow_boulevard,
          uniq_blork_the_orc
D:7:      layout_basic, mainiacjoe_overflow_large_starburst,
          lemuel_mausoleum_altar_yredelemnul,
          mainiacjoe_overflow_six_doors_small, uniq_joseph
D:8:      gammafunk_beogh_shrine, layout_cave_pods, tgw_kikubaaqudgha,
          chequers_temple_overflow_statue_of_worship, gammafunk_ghost_split,
          nicolae_hexahallways, uniq_maggie
D:9:      layout_loops_corners, dreamdust_gnoll_shepherd, uniq_psyche,
          uniq_erica
D:10:     layout_irregular_city, orc_0_dummy, serial_shops,
          nicolae_stop_n_shop_1, shop, shop, nicolae_shop_tiny_real_fake_doors,
          shop_fountains, nzn_random_ring
Temple:   hellmonk_temple_of_storms

Skill      XL: |  1  2  3  4  5  6  7  8  9 10 11 |
---------------+----------------------------------+-----
Fighting       | 1 2 3 4 5 6 7 9 |  9.8
Ice Magic      | 5 6 7 9 10 | 10.8
Spellcasting   | 3 4 5 6 7 8 |  8.0
Dodging        | 4 6 8 |  8.0
Shields        | 4 6 |  6.0
Stealth        | |  2.1

Action                     |  1- 3 |  4- 6 |  7- 9 | 10-12 || total
---------------------------+-------+-------+-------+-------++-------
  Melee: Unarmed           |     3 |       |       |       ||     3
         Dagger            |    82 |   121 |   193 |    17 ||   413
         Punch             |       |     2 |     1 |     2 ||     5
         Long sword        |       |       |     8 |   151 ||   159
   Cast: Freeze            |    26 |    16 |    14 |     8 ||    64
         Frozen Ramparts   |       |     6 |    41 |    26 ||    73
         Ozocubu's Armour  |       |     2 |    26 |    27 ||    55
         Hailstorm         |       |       |       |     1 ||     1
    Use: Potion            |       |     3 |       |     1 ||     4
         Scroll            |       |       |     8 |     5 ||    13
   Stab: Sleeping          |     1 |     6 |     5 |     1 ||    13
         Distracted        |       |       |     1 |       ||     1
         Confused          |       |       |       |     1 ||     1
 Armour: Robe              |    33 |    22 |    56 |   109 ||   220
  Dodge: Dodged            |    97 |    86 |   137 |   167 ||   487
  Block: Buckler           |       |       |       |    31 ||    31
